 Dungeon Crawl Stone Soup version 0.31.0-32-g396128a36d (webtiles) character file.

Game seed: 3507328351167530209

60 Gabide the Conjurer (level 3, -5/26 HPs)
             Began as a Demonspawn Conjurer on Apr 10, 2024.
             Slain by Natasha (6 damage)
             ... on level 2 of the Dungeon.
             The game lasted 00:02:21 (2046 turns).

Gabide the Conjurer (Demonspawn Conjurer)           Turns: 2046, Time: 00:02:22

Health: -5/26      AC:  2    Str:  7    XL:     3   Next: 82%
Magic:  0/7        EV: 12    Int: 20    God:
Gold:   47         SH:  4    Dex: 11    Spells: 6/7 levels left

rFire   . . .        a - +0 dagger
rCold   . . .        (no shield)
rNeg    . . .        k - +0 robe
rPois   .            (no helmet)
rElec   .            (no cloak)
rCorr   .            (no gloves)
SInv    .            (no boots)
Will    .....        (no amulet)
Stlth   ++           (no ring)
HPRegen 0.24/turn    (no ring)
MPRegen 0.10/turn

%: no passive effects
@: mighty
A: condensation shield
a: no special abilities


You were on level 2 of the Dungeon.
You visited 1 branch of the dungeon, and saw 2 of its levels.

You collected 47 gold pieces.

Inventory:

Hand Weapons
 a - a +0 dagger (weapon)
Armour
 k - a +0 robe (worn)
Scrolls
 d - a scroll of teleportation {unknown}
 e - 2 scrolls of identify {unknown}
 g - 2 scrolls of enchant weapon {unknown}
 i - a scroll of noise {unknown}
Potions
 b - a potion of magic
 c - 3 potions of might
 f - a potion of heal wounds {unknown}
 h - 2 potions of curing {unknown}
 j - a potion of lignification {unknown}
 l - a potion of degeneration {unknown}


   Skills:
 + Level 1.1 Fighting
 + Level 2.1 Dodging
 + Level 2.1 Stealth
 * Level 2.7 Spellcasting
 * Level 4.4 Conjurations


You had 6 spell levels left.
You knew the following spells:

 Your Spells              Type           Power      Damage    Failure   Level
a - Magic Dart            Conj           80%        1d7       2%          1

Your spell library contained the following spells:

 Spells                   Type           Power      Damage    Failure   Level
 Searing Ray              Conj           40%        2d5       3%          2
 Fulminant Prism          Conj/Alch      5%         3d7       52%         4
 Iskenderun's Mystic Bla  Conj/Tloc      11%        2d4       52%         4


Dungeon Overview and Level Annotations

Branches:
Dungeon (2/15)

Altars:

Shops:
D:2 :

Annotations:
D:2 Natasha


Innate Abilities, Weirdness & Mutations

A meltable shield of frost defends you. (SH +4)


Message History

You closely miss Natasha.
Natasha is moderately wounded.
You block the cerulean imp's attack. Natasha barely misses you.
You closely miss Natasha.
Natasha is moderately wounded.
You block the cerulean imp's attack.
Natasha stares at you and mumbles some strange words.
The magic dart hits you!
You hit Natasha but do no damage.
Natasha is moderately wounded.
The cerulean imp hits you from afar with a +2 spear.
Natasha barely misses you.
Aiming: Magic Dart (safe; 2% risk of failure)
Press: ? - help, Q - select action Shift-Dir - straight line, f/p - Natasha
Aim: Natasha (moderately wounded, 100% to hit)
The magic dart hits Natasha.
Natasha is heavily wounded.
You block the cerulean imp's attack. Natasha misses you.
Unknown command.
Unknown command.
You hit Natasha.
Natasha is severely wounded.
The cerulean imp hits you from afar with a +2 spear.
You block Natasha's attack.
Your magical contamination has completely faded away.
You closely miss Natasha.
Natasha is severely wounded.
The cerulean imp completely misses you. Natasha claws you!
* * * LOW HITPOINT WARNING * * *
It was a potion of might.
You feel very mighty all of a sudden.
The cerulean imp hits you from afar with a +2 spear.
* * * LOW HITPOINT WARNING * * *
Natasha hisses.
Natasha barely misses you.
You closely miss Natasha.
Natasha is severely wounded.
You block the cerulean imp's attack. Natasha claws you.
You die...
Natasha begins licking her fur clean.

....##.#..#....##########.#....#.
....##.#..#..#.#..........#....#.
....##.#....#...............####.
....#.......................# #.
....#....#.##...............####.
.........#..................#....
........######.......>.........#.
.................................
...#............@..##.#####.....#
##.#.#.########.h................
##.#.#>#........5.###.#####......
...#.#.#......#.#.#...#...'......
.....#.#.###.##.#.#.###.###......
######.#.# #.##.#.#.###.# #......
.### #.##...#..##.# #......
#.##..###....# #.....#
#.##.#...#######.....#


You could see Natasha and a cerulean imp (summoned).

Vanquished Creatures
  Natasha (D:2)
  2 adders (D:2)
  A dart slug (D:1)
  An endoplasm (D:2)
  2 giant cockroaches
  2 goblins
  2 hobgoblins (D:2)
  A quokka (D:2)
  4 ball pythons
  A bat (D:1)
  A frilled lizard (D:2)
  2 rats
20 creatures vanquished.

Notes
Turn   | Place    | Note
-------+----------+-------------------------------------------
     0 | D:1      | Gabide the Demonspawn Conjurer began the quest for the Orb.
     0 | D:1      | Reached XP level 1. HP: 13/13 MP: 3/3
   303 | D:1      | Found a faded altar of an unknown god.
   805 | D:1      | Gained mutation: A meltable shield of frost defends you.
                  | (SH +4) [demonic ancestry]
   805 | D:1      | Reached XP level 2. HP: 20/20 MP: 1/5
  1027 | D:2      | Found Hoqeikk's Book Boutique.
  1618 | D:2      | Reached XP level 3. HP: 25/25 MP: 1/6
  1875 | D:2      | Noticed Natasha
  1879 | D:2      | Killed Natasha
  1880 | D:2      | Reached skill level 1 in Fighting
  2029 | D:2      | Noticed Natasha
  2045 | D:2      | HP: 1/26 [cerulean imp/+2 spear[Natasha] (1)]
  2046 | D:2      | Slain by Natasha

Illustrated notes

Levels and vault maps discovered:
D:1:      eino_arrival_tree_alley, layout_basic,
          dreamdust_ecumenical_altar_angels_and_demons
D:2:      layout_basic, serial_shops, nicolae_book_shop_shelving,
          minmay_misc_feat_diagonals, grunt_ministairs_12, uniq_natasha

Skill      XL: |  1  2  3 |
---------------+----------+-----
Dodging        | 2 |  2.1
Stealth        | 2 |  2.1
Fighting       | 1 |  1.1
Spellcasting   | |  2.7
Conjurations   | |  4.4

Action                     || total
---------------------------++-------
  Melee: Unarmed           ||     2
         Dagger            ||     6
   Cast: Magic Dart        ||    47
    Use: Potion            ||     1
 Armour: Robe              ||    11
  Dodge: Dodged            ||     8
  Block: Other             ||     7
